 Dungeon Crawl Stone Soup version 0.14-a0-1266-g856eec9 (webtiles) character file.

275 PolkaDot the Ruinous (level 4, 0/30 HPs)
             Began as a Vampire Conjurer on Dec 3, 2013.
             Slain by a hound (3 damage)
             ... while paralysed by a potion of paralysis
             ... on Level 4 of the Dungeon.
             The game lasted 00:13:22 (2990 turns).

PolkaDot the Ruinous (Vampire Conjurer)             Turns: 2990, Time: 00:13:22

HP   0/30        AC  3     Str  7      XL: 4   Next: 84%
MP   3/7         EV  2     Int 18      God:
Gold 149         SH  0     Dex 14      Spells:  2 memorised,  4 levels left

rFire  . . .     SeeInvis +     k - +1,+0 elf short sword
rCold  + . .     Clarity  .     a - +0 robe
rNeg   . . .     Conserve .     (no shield)
rPois  .         rCorr    .     (no helmet)
rElec  .         rRot     .     g - +0 cloak
SustAb . .       Spirit   .     (no gloves)
rMut   .         Warding  .     (no boots)
Saprov . . .     Stasis   .     (no amulet)
                                j - ring of protection from cold {unknown}
                                e - ring of wizardry

@: paralysed, regenerating quickly, slightly resistant to hostile enchantments,
stealthy
A: fangs 3, see invisible, unbreathing
a: no special abilities


You were on level 4 of the Dungeon.
You were full.

You visited 1 branch of the dungeon, and saw 4 of its levels.

You collected 149 gold pieces.

Inventory:

Hand weapons
 k - a +1,+0 elven short sword (weapon)
Armour
 a - a +0 robe (worn)
 g - a +0 cloak (worn)
Magical devices
 v - a wand of confusion (2)
Scrolls
 b - 2 scrolls of teleportation {unknown}
 d - 3 scrolls of blinking {unknown}
 f - 5 scrolls of identify {unknown}
 n - a scroll of fog {unknown}
 o - a scroll of curse jewellery {unknown}
 p - a scroll of curse armour {unknown}
 q - 3 scrolls of remove curse {unknown}
 r - a scroll of curse weapon {unknown}
 s - a scroll of random uselessness {unknown}
 t - 3 scrolls of enchant weapon II {unknown}
 u - a scroll of fear {unknown}
Jewellery
 e - a ring of wizardry (left hand)
 j - a ring of protection from cold (right hand) {unknown}
Potions
 h - 2 potions of curing
 i - 2 potions of experience {unknown}
 m - a potion of speed {unknown}
 w - a potion of mutation {unknown}
Books
 c - a book of Conjurations

   Spells                             Type                      Level
   *Magic Dart                        Conjuration                  1
   *Searing Ray                       Conjuration                  2
   Dazzling Spray                     Conjuration/Hexes            3
   Iskenderun's Mystic Blast          Conjuration                  4
   Iskenderun's Battlesphere          Conjuration/Charms           4
   Fulminant Prism                    Conjuration/Hexes            5


   Skills:
 - Level 2.1 Dodging
 - Level 3.0 Stealth
 - Level 2.0 Spellcasting
 * Level 4.7 Conjurations


You had 4 spell levels left.
You knew the following spells:

 Your Spells              Type           Power        Failure   Level  Hunger
a - Magic Dart            Conj           ###.         1%          1    #......
s - Searing Ray           Conj           ###...       1%          2    ##.....


Dungeon Overview and Level Annotations

Branches:
Dungeon (4/16)
 Temple: D:4-7

Altars:


Innate Abilities, Weirdness & Mutations

Your natural rate of healing is unusually fast.
You have razor-sharp teeth.*
You have supernaturally acute eyesight.
You can survive without breathing.*


Message History

The hound bites you.
You miss the hound.
The hound is heavily wounded.
The hound bites you but does no damage. The hound bites you.
Drink which item? (? for menu, Esc to quit)
That liquid tasted very nasty...
You are poisoned.
It was a potion of poison.
You feel sick. The hound bites you.
* * * LOW HITPOINT WARNING * * *
Drink which item? (? for menu, Esc to quit)
You feel better. The hound barely misses you. The hound barely misses you.
Drink which item? (? for menu, Esc to quit)
You suddenly lose the ability to move!
It was a potion of paralysis.
The hound bites you but does no damage. The hound bites you.
* * * LOW HITPOINT WARNING * * *
The hound bites you.
* * * LOW HITPOINT WARNING * * *
The hound bites you but does no damage. The hound completely misses you.
The hound bites you.
You die...

#.# ##.# ###### #..#
....... #.## .......
####.### ...?...
###......# ####...<....
#........###..'..l.....
...#......##l.##..$.....
## #......@hs## ...[...
#......#### s......
#...>..# .......
#......# ...... ########
..... ####


You could see a hound, a scorpion and a giant gecko.

Vanquished Creatures
  Ijyb (D:3)
  An adder (D:4)
  2 giant mites (D:3)
  2 worms (D:3)
  An orc (D:3)
  3 giant cockroaches
  8 goblins
  7 hobgoblins
  11 jackals
  3 quokkas (D:2)
  9 bats
  5 giant geckos
  3 giant newts
  5 kobolds
  5 rats
66 creatures vanquished.

Notes
Turn   | Place    | Note
--------------------------------------------------------------
     0 | D:1      | PolkaDot, the Vampire Conjurer, began the quest for the Orb.
     0 | D:1      | Reached XP level 1. HP: 13/13 MP: 3/3
   551 | D:1      | Reached XP level 2. HP: 19/19 MP: 0/4
   598 | D:1      | Learned a level 2 spell: Searing Ray
  1204 | D:2      | Reached XP level 3. HP: 16/24 MP: 3/6
  1531 | D:2      | Reached skill level 4 in Conjurations
  1682 | D:3      | Noticed Ijyb
  1888 | D:3      | Reached XP level 4. HP: 30/30 MP: 2/7
  2004 | D:3      | Killed Ijyb
  2986 | D:4      | Paralysed by a potion of paralysis for 5 turns
  2990 | D:4      | Slain by a hound

Action                   |  1- 3 |  4- 6 || total
-------------------------+-------+-------++-------
Melee: Unarmed           |    11 |       ||    11
       Short sword       |   106 |    36 ||   142
 Cast: Magic Dart        |    35 |     2 ||    37
       Searing Ray       |     7 |     7 ||    14
Evoke: Wand              |       |     1 ||     1
  Use: Potion            |     2 |     3 ||     5
 Stab: Sleeping          |     3 |     1 ||     4
